Map: Nightshade LE

Players

Cyanine - Winner!

  • Race: Terran Terran
  • League: Grandmaster
  • Spawn Location: 5:00

A.I. 1 (Very Easy)

  • Race: Protoss Protoss
  • Spawn Location: 11:00

VOD

Have the link to the VOD?

Description

Time

  • Played on: April 3, 2020, 2:14 p.m.
  • Length: 13:34
Show
View Real Time Build Order
Export as new Build Order

Cyanine Terran - Winner!

Build Orders: Reaper Expand 

Get SALT Encoding   

  12  0:00  SCV  
  13  0:13  SCV  
  14  0:17  Supply Depot  
  14  0:25  SCV  
  15  0:39  Barracks, SCV  
  16  0:43  Refinery  
  16  0:51  SCV  
  17  1:03  SCV  
  18  1:15  SCV  
  19  1:26  Reaper  
  19  1:27  Orbital Command  
  20  1:40  Command Center  
  20  1:50  Supply Depot  
  20  1:53  SCV  
  21  1:58  Marine  
  22  2:05  SCV  
  23  2:08  Factory  
  23  2:14  Refinery  
  23  2:18  SCV  
  23  2:20  Barracks Reactor  
  24  2:30  SCV  
  25  2:42  SCV  
  26  2:53  Widow Mine, Starport  
  26  2:54  SCV  
  26  2:55  Orbital Command  
  26  2:57  Marine x2  
  31  3:07  SCV  
  32  3:15  Marine x2, Widow Mine  
  32  3:19  SCV  
  37  3:20  SCV  
  37  3:21  Supply Depot  
  38  3:31  Medivac, SCV  
  38  3:32  SCV  
  42  3:36  Widow Mine  
  42  3:37  Marine x2  
  46  3:43  SCV  
  46  3:44  Barracks  
  46  3:45  SCV  
  48  3:49  Barracks  
  48  3:54  Marine  
  48  3:55  Marine, SCV  
  50  3:57  SCV  
  50  3:58  Factory Tech Lab  
  50  4:02  Starport Tech Lab, Supply Depot  
  52  4:07  SCV  
  53  4:11  SCV  
  54  4:23  Marine x2  
  54  4:24  SCV x2  
  58  4:27  Supply Depot  
  58  4:29  Engineering Bay  
  58  4:30  Refinery  
  58  4:31  Factory Reactor  
  58  4:32  Starport Reactor  
  58  4:36  SCV x2  
  60  4:39  Stimpack  
  60  4:42  Marauder  
  62  4:48  Marine x2, SCV  
  62  4:49  Marauder, SCV  
  62  4:52  Supply Depot  
  68  4:56  Terran Infantry Weapons Level 1, Supply Depot  
  68  4:58  Combat Shield  
  68  5:04  Marauder, Refinery, SCV  
  68  5:05  SCV  
  66  5:08  Marine  
  66  5:09  Marine  
  66  5:11  Medivac  
  70  5:18  Supply Depot  
  70  5:19  SCV  
  70  5:20  SCV, Supply Depot  
  72  5:22  Medivac  
  72  5:25  Marauder  
  78  5:28  Marauder  
  78  5:29  Marine  
  78  5:30  Marine  
  78  5:32  Widow Mine  
  78  5:35  Widow Mine  
  84  5:42  Supply Depot  
  84  5:43  Medivac  
  84  5:46  Marauder  
  84  5:49  Marine x2  
  92  5:50  Marauder  
  92  5:55  Medivac  
  92  5:56  Supply Depot  
  94  5:58  Widow Mine  
  94  6:00  Widow Mine  
  98  6:05  Supply Depot  
  98  6:07  Marauder, Marine x2  
  102  6:12  Marauder  
  102  6:17  Concussive Shells  
  104  6:19  Widow Mine  
  104  6:21  Widow Mine  
  108  6:30  Command Center  
  108  6:33  Marine x2, Supply Depot  
  108  6:34  Marauder  
  108  6:36  Marauder  
  108  6:38  Medivac  
  116  6:41  Medivac  
  118  6:48  SCV x2  
  118  6:51  Terran Infantry Armor Level 1  
  120  6:55  Supply Depot  
  120  6:56  Supply Depot  
  120  6:58  Barracks  
  120  6:59  Barracks  
  120  7:02  Marine x2  
  120  7:04  Marauder  
  120  7:07  Marauder  
  126  7:09  Medivac  
  128  7:18  Widow Mine  
  128  7:19  Widow Mine  
  128  7:20  Marine x2, Supply Depot  
  128  7:22  Supply Depot  
  134  7:23  SCV  
  134  7:25  SCV  
  134  7:28  Marauder  
  138  7:31  Marauder  
  140  7:37  Marine  
  140  7:38  Marine  
  140  7:40  Widow Mine x2  
  148  7:49  Orbital Command  
  148  7:52  Barracks Tech Lab, Ghost Academy  
  148  7:54  Barracks Reactor  
  145  8:02  SCV  
  145  8:03  Marine x2, SCV  
  145  8:04  Marauder x2  
  153  8:06  Viking  
  153  8:07  Viking  
  155  8:15  Armory, Engineering Bay  
  157  8:26  Marauder  
  159  8:28  Marine x2  
  159  8:29  Marauder  
  163  8:35  SCV x2  
  163  8:36  SCV  
  163  8:39  Enhanced Shockwaves  
  163  8:41  Viking x2  
  168  8:46  Supply Depot  
  168  8:47  Supply Depot  
  168  8:48  SCV x3  
  171  8:50  Marine x2  
  171  8:51  Marine  
  174  9:00  SCV x2  
  176  9:03  Terran Infantry Weapons Level 2, Terran Infantry Armor Level 2  
  176  9:04  Refinery x2  
  176  9:06  Marine  
  176  9:07  Ghost  
  179  9:11  Marine  
  179  9:12  Marine  
  179  9:13  Marine  
  179  9:16  SCV x2  
  184  9:20  Supply Depot  
  184  9:22  Supply Depot  
  184  9:23  Ghost  
  186  9:37  Viking x2  
  190  9:39  Ghost  
  192  9:46  Command Center  
  192  9:49  SCV  
  192  9:52  Ghost  
  193  9:54  Marauder, Marine x3  
  200  10:11  Terran Ship Weapons Level 1  
  200  10:23  Fusion Core  
  200  10:24  Starport  
  200  10:26  Barracks x2  
  200  10:27  Barracks  
  200  10:30  Missile Turret  
  200  10:32  Missile Turret  
  200  10:33  Missile Turret  
  198  11:09  Refinery  
  198  11:13  Refinery  
  198  11:39  Starport Reactor  
  198  11:41  Barracks Tech Lab x2, Barracks Reactor  
  198  11:45  Planetary Fortress  
  198  11:55  Sensor Tower  
  198  11:58  Command Center  
  198  12:01  Advanced Ballistics  
  198  12:06  Starport  
  198  12:11  Command Center  
  198  12:12  Command Center  
  198  12:13  Ghost  
  200  12:39  Sensor Tower  
  200  13:12  Starport Reactor  
Show
View Real Time Build Order
Export as new Build Order

A.I. 1 (Very Easy) Protoss 

Build Orders: 1 Gate Expand, Nexus First 

Get SALT Encoding   

  12  0:00  Probe  
  13  0:13  Probe  
  14  0:20  Pylon  
  14  0:43  Gateway  
  14  1:01  Nexus  
  14  1:19  Pylon  
  14  1:22  Assimilator  
  14  1:24  Zealot  
  14  1:34  Probe  
  14  1:36  Cybernetics Core  
  17  1:42  Probe  
  18  1:51  Probe  
  18  2:01  Probe  
  19  2:03  Stalker, Assimilator  
  20  2:09  Probe  
  20  2:14  Warp Gate  
  23  2:19  Probe  
  24  2:26  Probe  
  25  2:34  Probe  
  26  2:49  Probe  
  26  2:51  Assimilator  
  27  2:53  Pylon  
  27  2:57  Probe  
  28  3:02  Probe  
  29  3:11  Probe  
  30  3:13  Robotics Facility  
  30  3:14  Probe  
  31  3:24  Zealot  
  31  3:25  Probe  
  34  3:32  Probe  
  35  3:40  Probe  
  35  3:47  Probe  
  36  3:54  Probe  
  37  3:59  Observer  
  37  4:01  Probe  
  39  4:08  Probe  
  40  4:13  Observer  
  40  4:15  Probe  
  41  4:18  Assimilator  
  41  4:22  Probe  
  43  4:30  Probe  
  44  4:34  Sentry  
  44  4:37  Probe  
  47  4:42  Pylon  
  47  4:44  Probe  
  48  4:51  Probe  
  49  4:58  Probe  
  40  5:06  Probe  
  41  5:11  Probe  
  42  5:18  Probe  
  43  5:23  Probe  
  44  5:31  Probe  
  45  5:42  Probe  
  46  5:49  Probe  
  47  5:56  Probe  
  48  6:03  Probe  
  49  6:10  Probe  
  50  7:49  Probe  
  49  7:54  Stalker  
  49  7:56  Probe, Pylon  
  50  8:02  Probe  
  42  8:09  Probe  
  32  8:14  Probe  
  31  8:22  Probe, Zealot  
  33  8:33  Probe  
  34  8:37  Probe  
  35  8:47  Probe  
  36  8:50  Probe  
  36  8:51  Immortal  
  41  9:01  Probe  
  42  9:08  Probe  
  43  9:16  Probe  
  44  9:20  Stalker  
  44  9:23  Probe  
  47  9:30  Probe  
  48  9:33  Probe  
  49  9:44  Probe  
  50  9:48  Probe  
  51  9:58  Probe  
  52  10:06  Probe  
  53  10:13  Probe  
  54  10:27  Warp Prism  
  54  10:30  Zealot  
  54  10:33  Gateway  
  54  10:35  Robotics Bay  
  58  10:37  Stargate  
  58  10:41  Pylon  
  45  11:06  Stalker  
  47  11:13  Probe  
  47  11:14  Pylon  
  28  11:22  Gravitic Boosters  
  28  11:23  Gateway  
  24  11:25  Probe  
  24  11:31  Pylon  
  23  11:34  Pylon  
  15  11:51  Pylon  
  4  12:17  Zealot  
Tags
 
Add a new tag
Caveats
  • Supply blocks, unpowered buildings, or Contaminate may cause inaccurate times.
  • Supply counts are checked every 10 seconds.